 Dungeon Crawl Stone Soup version 0.29-a0-1016-g236c7fd91e (webtiles) character file.

Game seed: 4980426481419094027

1050 nickcage the Spear-Bearer (level 8, -3/57 HPs)
             Began as a Merfolk Gladiator on Aug 9, 2022.
             Was a Follower of the Shining One.
             Slain by a gnoll
             ... wielding a +0 whip
             ... led by a gnoll sergeant
              (6 damage)
             ... on level 6 of the Dungeon.
             The game lasted 00:14:08 (5776 turns).

nickcage the Spear-Bearer (Merfolk Gladiator)       Turns: 5776, Time: 00:14:09

Health: -3/57      AC:  9    Str: 17    XL:     8   Next: 26%
Magic:  8/8        EV: 11    Int:  7    God:    the Shining One [*.....]
Gold:   239        SH:  0    Dex: 15    Spells: 7/7 levels left

rFire   . . .      SeeInvis .   o - +0 halberd
rCold   . . .      Faith    .   (shield currently unavailable)
rNeg    + . .      Spirit   .   h - +0 scale mail
rPois   .          Reflect  .   c - +1 helmet
rElec   .          Harm     .   (no cloak)
rCorr   .          Rampage  .   (no gloves)
Will    .....                   f - +0 pair of boots
Stlth   ..........              (no amulet)
HPRegen 0.19/turn               r - ring of flight
MPRegen 0.11/turn               e - ring of positive energy

@: flying, glowing
A: (nimble swimmer 2), mertail
a: Renounce Religion, Divine Shield


You were on level 6 of the Dungeon.
You worshipped the Shining One.
The Shining One was aware of your devotion.
You visited 2 branches of the dungeon, and saw 8 of its levels.

You collected 239 gold pieces.

Inventory:

Hand Weapons
 a - a +0 trident
 o - a +0 halberd (weapon)
Missiles
 d - 3 throwing nets
 t - 6 poisoned darts (quivered)
 x - a javelin
Armour
 b - a +0 leather armour
 c - a +1 helmet (worn)
 f - a +0 pair of boots (worn)
 h - a +0 scale mail (worn)
 m - a +0 ring mail
Jewellery
 e - a ring of positive energy (right hand)
 g - a ring of fire
 r - a ring of flight (left hand)
Wands
 l - a wand of flame (28)
 q - a wand of charming (11)
 y - a wand of roots (12)
Scrolls
 k - a scroll of poison
 n - 4 scrolls of immolation
Potions
 j - 2 potions of mutation
 p - 2 potions of curing
 s - a potion of lignification
 u - 3 potions of might
 v - a potion of brilliance
 z - a potion of invisibility


   Skills:
 - Level 2.3 Fighting
 + Level 12.3 Polearms
 - Level 2.2 Throwing
 - Level 5.0 Dodging


You had 7 spell levels left.
You didn't know any spells.
Your spell library contained the following spells:

 Spells                   Type           Power      Damage    Failure   Level
 Foxfire                  Conj/Fire      0%         2x1d4     86%         1
 Sandblast                Erth           0%         2d4       86%         1
 Passwall                 Tmut/Erth      0%         N/A       95%         2
 Scorch                   Fire           0%         2d5       95%         2
 Conjure Flame            Conj/Fire      0%         6-21      99%         3
 Inner Flame              Hex/Fire       0%         N/A       99%         3
 Stone Arrow              Conj/Erth      0%         3d7       99%         3
 Flame Wave               Conj/Fire      0%         2d4       100%        4
 Summon Cactus Giant      Summ           0%         N/A       100%        6


Dungeon Overview and Level Annotations

Branches:
Dungeon (7/15)             Temple (1/1) D:4

Altars:
Ashenzari
Cheibriados
Dithmenos
Elyvilon
Gozag
Kikubaaqudgha
Makhleb
Nemelex Xobeh
Okawaru
Qazlal
Ru
Sif Muna
Vehumet
Wu Jian
Xom
Yredelemnul
Zin
The Shining One

Annotations:
D:5 3 runed translucent doors, ytrimaz's ghost, novice FoFi


Innate Abilities, Weirdness & Mutations

((You are very nimble when in or above water. (Stealth+, EV+, Speed+++)))
Your lower body shifts to a powerful aquatic tail in water.


Message History

There is a stone staircase leading down here.
You fly downwards.
Found an escape hatch in the floor.
There is a stone staircase leading up here.
There is an escape hatch in the floor here.
A gnoll is nearby!
You throw a poisoned dart.
The poisoned dart closely misses the gnoll.
You throw a poisoned dart.
The poisoned dart closely misses the gnoll.
You reach to attack!
The centaur shouts!
You hit the gnoll but do no damage.
You hear a shout!
The centaur shoots an arrow.
The arrow hits you!
The centaur shoots an arrow.
The arrow barely misses you.
You hit the gnoll but do no damage.
The centaur shoots an arrow.
The arrow hits you. The gnoll hits you with a +0 whip.
You hit the gnoll.
The gnoll is lightly wounded.
The gnoll barely misses you.
You hit the gnoll.
The gnoll is heavily wounded.
The centaur shoots an arrow.
The arrow hits you.
The centaur shoots an arrow.
The arrow hits you!
You are too injured to fight recklessly!
You can't go up here!
You completely miss the gnoll.
The gnoll is heavily wounded.
The gnoll closely misses you.
You hit the gnoll.
The gnoll is heavily wounded.
The centaur shoots an arrow.
The arrow hits you!
* * * LOW HITPOINT WARNING * * *
The gnoll hits you with a +0 whip.
* * * LOW HITPOINT WARNING * * *
The centaur shoots an arrow.
The arrow hits you!
* * * LOW HITPOINT WARNING * * *
The gnoll hits you with a +0 whip.
You die...

...........#.....!.#...##
##...#(###.####..........
##.........# #.<..../..#
##..##.#...##.......... ##.
#..#.............# #.#
#.#.##......$..(.
..###...##........... ..###.#
#........c...>....... ...#..#
#.# ##g@............ ...#..#
#.####...............
#.....###.##...########......
#.............## #.....
#....####.....# #....
#....##.......# ...#
......>.#.....# ..#
.....####.....# ..<.##
#.....#


You could see a centaur and a gnoll.

Vanquished Creatures
  2 ice beasts (D:7)
  An ogre (D:4)
  A phantom (D:5)
  A necrophage (D:5)
  2 howler monkeys (D:5)
  3 hounds
  3 jellies
  An orc priest (D:7)
  Jessica (D:2)
  2 iguanas (D:5)
  Robin (D:2)
  11 gnolls
  3 adders
  A shadow imp (D:7)
  A white imp (D:6)
  2 worms (D:2)
  2 dart slugs
  12 orcs
  8 endoplasms
  5 giant cockroaches
  10 goblins
  10 hobgoblins
  5 jackals (D:2)
  9 kobolds
  4 quokkas
  9 ball pythons
  8 frilled lizards
  3 rats
121 creatures vanquished.

Notes
Turn   | Place    | Note
-------+----------+-------------------------------------------
     0 | D:1      | nickcage the Merfolk Gladiator began the quest for the Orb.
     0 | D:1      | Reached XP level 1. HP: 16/16 MP: 1/1
   239 | D:1      | Reached XP level 2. HP: 15/22 MP: 2/2
   667 | D:2      | Reached XP level 3. HP: 23/27 MP: 3/3
   711 | D:2      | Noticed Jessica
   718 | D:2      | Killed Jessica
   719 | D:2      | Reached skill level 5 in Polearms
   719 | D:2      | Reached skill level 5 in Dodging
   811 | D:2      | Reached XP level 4. HP: 26/34 MP: 4/4
  1120 | D:2      | Noticed Robin
  1449 | D:2      | Found a broken altar of Ashenzari.
  1633 | D:2      | Killed Robin
  1634 | D:2      | Reached skill level 6 in Polearms
  2114 | D:3      | Reached XP level 5. HP: 37/39 MP: 5/5
  2363 | D:3      | Reached skill level 7 in Polearms
  2550 | D:3      | Found a faded altar of an unknown god.
  2783 | D:3      | Found a basalt altar of Yredelemnul.
  2785 | D:3      | Found a shimmering altar of Xom.
  2785 | D:3      | Found an iron altar of Okawaru.
  2787 | D:3      | Found a basalt altar of Yredelemnul.
  2787 | D:3      | Found a shimmering altar of Xom.
  2787 | D:3      | Found a shimmering altar of Xom.
  3124 | D:4      | Noticed an ogre
  3134 | D:4      | Killed an ogre
  3135 | D:4      | Reached skill level 8 in Polearms
  3135 | D:4      | Reached XP level 6. HP: 45/45 MP: 6/6
  3180 | D:4      | Found a staircase to the Ecumenical Temple.
  3188 | Temple   | Entered the Ecumenical Temple
  3195 | Temple   | Became a worshipper of the Shining One
  3990 | D:4      | Reached skill level 9 in Polearms
  4138 | D:5      | Entered Level 5 of the Dungeon
  4146 | D:5      | Reached XP level 7. HP: 51/51 MP: 7/7
  4166 | D:5      | Reached skill level 10 in Polearms
  4394 | D:5      | Reached skill level 11 in Polearms
  4433 | D:5      | You are sucked into a shaft and drop 2 floors!
  4667 | D:7      | Noticed a boulder beetle
  4670 | D:7      | Reached XP level 8. HP: 57/57 MP: 8/8
  4676 | D:6      | Noticed a yak
  4686 | D:6      | Noticed a yak
  4688 | D:6      | Reached * piety under the Shining One
  5136 | D:7      | Reached skill level 12 in Polearms
  5563 | D:5      | Found a runed translucent gate.
  5564 | D:5      | Found a runed translucent gate.
  5564 | D:5      | Noticed ytrimaz's ghost (novice FoFi)
  5566 | D:5      | Found a runed translucent gate.
  5566 | D:5      | Identified the +4 ring mail of the Wasteland {rN+}
  5776 | D:6      | Slain by a gnoll

Illustrated notes

Levels and vault maps discovered:
D:1:      dpeg_arrival_lava_temple_mockup, layout_basic
D:2:      layout_basic, serial_forest, infiniplex_forest_straight_2,
          infiniplex_forest_end_2, infiniplex_forest_lined_ring,
          infiniplex_forest_lined_1, infiniplex_forest_straight_4,
          infiniplex_forest_lined_3, infiniplex_forest_zigzag_1,
          infiniplex_forest_end_2, basic_altar, uniq_jessica, uniq_robin
D:3:      layout_basic, doesnt_xom_only_xom, nicolae_overflow_hidden_temple,
          hellmonk_ecumenical_altar_leap_of_faith, serial_park_tiny_1
D:4:      layout_rooms, minmay_temple_entry_slanted
D:5:      layout_loops_ring, biasface_ghost_orc_armoury,
          minmay_misc_feat_nine_boxes, nicolae_titane
D:6:      layout_rooms
D:7:      layout_loops_ring, kennysheep_generic_room_5
Temple:   nicolae_temple_x_marks_the_god

Skill      XL: |  1  2  3  4  5  6  7  8 |
---------------+-------------------------+-----
Polearms       | 5 6 8 9 11 12 | 12.3
Dodging        | 5 |  5.0
Fighting       | |  2.3
Throwing       | |  2.2

Action                   |  1- 3 |  4- 6 |  7- 9 || total
-------------------------+-------+-------+-------++-------
Melee: Trident           |    83 |   131 |       ||   214
       Punch             |       |     2 |       ||     2
       Halberd           |       |    93 |    86 ||   179
Throw: Javelin           |       |     3 |       ||     3
       Dart              |       |       |     2 ||     2
  Use: Scroll            |     3 |     3 |     7 ||    13
Armor: Scale mail        |    16 |    77 |    29 ||   122
Dodge: Dodged            |    41 |   137 |    37 ||   215

Table legend: (Time is in decaauts)
 A = Elapsed time spent in this place.
 B = Non-inter-level travel time spent in this place.
 C = Inter-level travel time spent in this place.
 D = Time resting spent in this place.
 E = Time spent auto-exploring this place.
 F = Levels seen in this place.
 G = Mean time per level.
                   A        B        C        D        E       F      G
               +--------+--------+--------+--------+--------+-----+--------+
         Total |   5788 |   5667 |    121 |   1487 |   3180 |   8 |  723.5 |
       Dungeon |   5729 |   5608 |    121 |   1487 |   3140 |   7 |  818.4 |
        Temple |     58 |     58 |      0 |      0 |     40 |   1 |   58.0 |
               +--------+--------+--------+--------+--------+-----+--------+

Top non-repeatable levels by time:
     D:2: 1398 daAuts
     D:4: 1030 daAuts
     D:1: 842 daAuts
     D:3: 824 daAuts
     D:7: 784 daAuts
     D:5: 775 daAuts
     D:6: 72 daAuts
  Temple: 58 daAuts
